Cogmind - Beta 14 @@@ ROGUE MODE // 2025.03.27 @ 19:28:16 Player: Seven ate you Result: Destroyed by G-47 Trooper with Particle Gun Performance ------------- Evolutions (0) 0 Regions Visited (1) 200 Robots Destroyed (17) 85 Value Destroyed (356) 356 Prototype IDs (0) 0 Alien Tech Used (0) 0 Bonus (0) 0 TOTAL SCORE: 641 Bonus ------- None Cogmind --------- Core Integrity 0/250 Matter 268/300 Energy 185/250 System Corruption 0% Temperature Cool (9) Movement Core (800) Ox15 Location -10/Materials Parts ------- > --- POWER (1) -------- Ion Engine > --- PROPULSION (2) --- (None) > --- UTILITY (2) ------ High-capacity Storage Unit Signal Interpreter > --- WEAPON (2) ------- Light Assault Rifle Light Assault Rifle > --- INVENTORY (20) --- Aluminum Leg Aluminum Leg Flight Unit Flight Unit Small Storage Unit High-capacity Storage Unit Seismic Detector Tractor Beam Light Assault Rifle Grenade Launcher Grenade Launcher Peak State ------------ > --- POWER ------------ Ion Engine > --- PROPULSION ------- Light Treads Light Treads > --- UTILITY ---------- High-capacity Storage Unit Seismic Detector > --- WEAPON ----------- Assault Rifle Light Assault Rifle > --- INVENTORY -------- Ion Engine Aluminum Leg Aluminum Leg Aluminum Leg Hover Unit Small Storage Unit High-capacity Storage Unit Signal Interpreter Tractor Beam Small Laser [Rating: 8] Favorites ----------- Power Ion Engine Engine Ion Engine Propulsion Light Treads Treads Light Treads Leg Aluminum Leg Utility High-capacity Storage Unit Device Seismic Detector Storage High-capacity Storage Unit Processor Signal Interpreter Weapon Light Assault Rifle Ballistic Gun Light Assault Rifle Build | -11 -10 ------- Run | Yrd Mat Slots Evolved . | . . Power . | . . Propulsion . | . . Utility . | . . Weapon . | . . Parts Attached 18 | 6 12 Power 3 | 1 2 Engine 3 | 1 2 Core . | . . Reactor . | . . Propulsion 4 | 2 2 Treads 2 | 2 . Leg 2 | . 2 Wheel . | . . Hover . | . . Flight . | . . Utility 6 | 1 5 Device 3 | . 3 Storage 2 | 1 1 Processor 1 | . 1 Hackware . | . . Protection . | . . Artifact . | . . Weapon 5 | 2 3 Energy Gun . | . . Energy Cannon . | . . Ballistic Gun 5 | 2 3 Ballistic Cannon . | . . Launcher . | . . Special Weapon . | . . Impact Weapon . | . . Slashing Weapon . | . . Piercing Weapon . | . . Special Melee Weapon . | . . Unidentified Prototypes . | . . Parts Lost 3 | . 3 Power 1 | . 1 Propulsion 2 | . 2 Utility . | . . Weapon . | . . Highest Loss Streak 2 | . 2 To Critical Strikes . | . . Average Slot Usage (%) 98 | . 98 Engine 13 | . 13 Treads 15 | . 15 Leg 11 | . 11 Device 3 | . 3 Storage 14 | . 14 Processor 10 | . 10 Ballistic Gun 27 | . 27 Peak Build Rating 8 | 6 8 Average Rating 7 | 3 7 On Entrance 3 | . 6 Naked Turns . | . . Heaviest Build 49 | 13 49 Greatest Support 40 | 40 40 Greatest Overweight (x) 14 | 3 14 Average Overweight (x) 1 | . 1 Largest Inventory Capacity 20 | 8 20 Average Capacity 18 | 7 18 Most Carried 14 | 8 14 Average Carried 10 | 4 11 Final Capacity 20 | 8 20 Final Carried 11 | 4 11 Class Distribution -------------------- 100% | Mutant Dominant Class ---------------- Mutant | -10/Materials Resources | -11 -10 ----------- Run | Yrd Mat Matter Collected 563 | 230 333 Remotely . | . . Salvage Created 551 | . 551 Parts 37 | . 37 Haulers Intercepted 1 | . 1 Recyclers Shooed 5 | . 5 Parts Field Recycled . | . . Retrieved Matter . | . . Parts Self-Destructed . | . . Prevented . | . . Kills | -11 -10 ------- Run | Yrd Mat Combat Hostiles Destroyed 13 | . 13 Guns 13 | . 13 Classes Destroyed 5 | . 5 Worker 1 | . 1 Hauler 1 | . 1 Recycler 2 | . 2 Swarmer 6 | . 6 Grunt 7 | . 7 Best Kill Streak 4 | . 4 Combat Bots Only 3 | . 3 Max Kills in Single Turn 1 | . 1 Gunslinging . | . . Exploded . | . . Melee . | . . Uniques/NPCs Destroyed . | . . Combat | -11 -10 -------- Run | Yrd Mat Hostile Shots Fired 76 | . 76 Missed 25 | . 25 Damage Taken 835 | . 835 Core 250 | . 250 Absorbed by Shields . | . . Core Remaining (%) 100 | 100 . Volleys Fired 58 | . 58 Largest 2 | . 2 Hottest 40 | . 40 Shots Fired 116 | . 116 Gun 116 | . 116 Cannon . | . . Launcher . | . . Special . | . . Kinetic 116 | . 116 Thermal . | . . Explosive . | . . Electromagnetic . | . . Robot Hit Streak 15 | . 15 Robot Miss Streak 6 | . 6 Penetration Max . | . . Secondary Targets . | . . Shots Hit Robots 61 | . 61 Core Hits 35 | . 35 Critical Kills . | . . Critical Parts Destroyed . | . . Critical Strikes . | . . Melee Attacks . | . . Impact . | . . Slashing . | . . Piercing . | . . Sneak Attacks . | . . Combat Hostiles . | . . Follow-up Attacks . | . . Damage Inflicted 750 | . 750 Guns 605 | . 605 Cannons . | . . Explosions 145 | . 145 Melee . | . . Ramming . | . . Kinetic 605 | . 605 Thermal 109 | . 109 Explosive 36 | . 36 Electromagnetic . | . . Impact . | . . Slashing . | . . Piercing . | . . Highest Corruption . | . . Average Corruption . | . . Corruption Purged . | . . Corruption Blocked . | . . Overload Shots . | . . Overflow Damage 162 | . 162 Projectiles . | . . Explosions 162 | . 162 Melee . | . . Knockbacks . | . . Impact . | . . Kinetic . | . . Secondary . | . . Self-Inflicted Damage 291 | . 291 Shots 3 | . 3 Rammed . | . . Targets Rammed . | . . Kicked . | . . Crushed . | . . Highest Temperature 32 | . 32 Average Temperature 12 | . 12 Received Heat Transfer 228 | . 228 Siege Activations . | . . Robots Corrupted . | . . Combat Hostiles . | . . Parts Fried . | . . Impact Corruptions . | . . Robots Melted . | . . Combat Hostiles . | . . Parts Melted . | . . Heat Transferred 100 | . 100 Parts Sabotaged . | . . Parts Stolen . | . . Parts Stripped . | . . Power Chain Reactions . | . . Alert | -11 -10 ------- Run | Yrd Mat Peak Influence 249 | . 249 Initial . | . . Average 108 | . 113 Maximum Alert Level 1 | . 1 Low Security (%) 80 | 100 79 Level 1 19 | . 20 Level 2 . | . . Level 3 . | . . Level 4 . | . . Level 5 . | . . High Security . | . . Max Security . | . . Squads Dispatched 2 | . 2 Investigation 2 | . 2 Extermination . | . . Reinforcement . | . . Assault . | . . Garrison . | . . Intercept . | . . Searches Triggered . | . . Construction Impeded . | . . Haulers Reinforced . | . . Active Scanning Responses . | . . Cargo Convoy Interrupts . | . . Stealth | -11 -10 --------- Run | Yrd Mat Distress Signals 2 | . 2 Communications Jammed . | . . Distress Signals . | . . Times Spotted 23 | . 23 Peak Tracking Total 3 | . 3 Tactical Retreats 3 | . 3 Traps | -11 -10 ------- Run | Yrd Mat Traps Triggered 4 | . 4 Indirectly . | . . Trap Hack Attempts . | . . Triggered . | . . Disarmed . | . . Reprogrammed . | . . Reused . | . . Traps Extracted . | . . Installed . | . . Triggered . | . . Machines | -11 -10 ---------- Run | Yrd Mat Machines Disabled 3 | . 3 Max in Single Turn 2 | . 2 Machines Repaired . | . . Machines Dismantled . | . . Machines Sabotaged . | . . Overloaded Fab Kills . | . . Hacking | -11 -10 --------- Run | Yrd Mat Machines Accessed 2 | . 2 Terminals 1 | . 1 Fabricators . | . . Repair Stations . | . . Recycling Units 1 | . 1 Scanalyzers . | . . Garrison Access . | . . Total Hacks 4 | . 4 Successful 1 | . 1 Failed 3 | . 3 Catastrophic 1 | . 1 Database Lockouts . | . . Manual . | . . Terminals 2 | . 2 Fabricators . | . . Repair Stations . | . . Recycling Units 2 | . 2 Scanalyzers . | . . Garrison Access . | . . Terminal Hacks 1 | . 1 Locate Traps 1 | . 1 Fabricator Hacks . | . . Repair Station Hacks . | . . Recycling Unit Hacks . | . . Scanalyzer . | . . Garrison Access Hacks . | . . Unauthorized Hacks . | . . Terminals . | . . Fabricators . | . . Repair Stations . | . . Recycling Units . | . . Scanalyzers . | . . Garrison Access . | . . Data Cores Recovered . | . . Used . | . . Hacking Detections 1 | . 1 Full Trace Events 1 | . 1 Feedback Events . | . . Feedback Blocked . | . . Robot Schematics Acquired . | . . Robots Built . | . . Authchips . | . . Time . | . . Total Robot Build Rating . | . . Part Schematics Acquired . | . . Parts Built . | . . Authchips . | . . Time . | . . Total Part Build Rating . | . . Parts Repaired . | . . Time . | . . Parts Recycled . | . . Recycled Matter . | . . Retrieved Matter . | . . Retrieved Components . | . . Parts Scanalyzed . | . . Part Schematics Acquired . | . . Parts Damaged . | . . Bothacking | -11 -10 ------------ Run | Yrd Mat Used RIF Installer . | . . Robots Hacked . | . . Non-combat . | . . Combat . | . . Robot Hacks Applied . | . . Relay Couplers Released . | . . Fabnet Peak Effective % . | . . Robots Rewired . | . . Allies Hacked . | . . Hacks Repelled . | . . Allies | -11 -10 -------- Run | Yrd Mat Total Allies . | . . Largest Group . | . . Highest-Rated Group . | . . Highest-Rated Ally . | . . Total Orders . | . . Ally Attacks . | . . Total Damage . | . . Kills . | . . Allies Corrupted . | . . Allies Melted . | . . Intel | -11 -10 ------- Run | Yrd Mat Robot Analysis Total . | . . Derelict Logs Recovered . | . . Drone Launches . | . . Drone Recoveries . | . . Exploration | -11 -10 ------------- Run | Yrd Mat Turns Passed 1499 | 66 1433 Spaces Moved 538 | 36 502 Core 20 | 19 1 Treads 310 | 17 293 Legs 208 | . 208 Wheels . | . . Hover . | . . Flight . | . . Fastest Speed 50 | 50 160 Average Speed 233 | 140 239 Slowest Speed 750 | 200 750 Overloaded Moves . | . . Propulsion Burnouts . | . . Robots Hopped . | . . Cave-ins Triggered . | . . Exploration Rate (%) 47 | 5 89 Regions Visited 1 Branch Regions . Pre-discovered Areas . | . . Known Exits Taken . | . . Unknown Exits Taken 1 | 1 . Scrap Searched . | . . Spaces Dug . | . . Terrain Destroyed 59 | . 59 Melee . | . . Projectile . | . . AOE 59 | . 59 Terrain Rammed . | . . Walls Destroyed . | . . Machines Disabled . | . . Actions | -11 -10 --------- Run | Yrd Mat Total 681 | 51 630 Wait 33 | . 33 Move 537 | 35 502 Hop . | . . Pick Up 29 | 10 19 Fast Attach . | . . Attach 15 | 6 9 Detach 1 | . 1 Swap 3 | . 3 Drop 5 | . 5 Fire 58 | . 58 Melee . | . . Ram . | . . Kick . | . . Crush . | . . Escape Stasis . | . . Rewire . | . . Trap . | . . Miscellaneous . | . . Route ------- -11/Scrapyard -10/Materials (discovered 4 exits: *Mat x2 / [*Min] / [*Sub]) History --------- Turn | Location | Event 4 | -11/Scrapyard | Discovered new exit (range 15) 67 | -11/Scrapyard | Entered Materials 307 | -10/Materials | Build established: Mutant 423 | -10/Materials | Discovered new exit (range 12) 453 | -10/Materials | Identified exit to Materials 723 | -10/Materials | Discovered exit to Materials (range 13) 874 | -10/Materials | Discovered new exit (range 11) 1124 | -10/Materials | Core integrity fell below 50% 1124 | -10/Materials | Core integrity fell below 20% 1364 | -10/Materials | Discovered new exit (range 15) 1500 | -10/Materials | Destroyed by G-47 Trooper with Particle Gun Last Messages --------------- 01213_ Acquired 40 matter. 01303_ K-01 Serf cleans the Nuclear Reactor. 01364_ EXIT=FOUND 01470_ Triggered Blade Trap. 01470_ Massive razor-sharp blades shoot up from within the floor. 01470_ Ion Engine severed. 01472_ Triggered Blade Trap. 01472_ Massive razor-sharp blades shoot up from within the floor. 01472_ Aluminum Leg severed. 01479_ Acquired Ion Engine. 01483_ U-05 Engineer lays Concrete. 01484_ Acquired Aluminum Leg. 01485_ U-05 Engineer lays Concrete. 01486_ Triggered Blade Trap. 01486_ Massive razor-sharp blades shoot up from within the floor. 01486_ Lgt. Assault Rifle severed. 01486_ Assault Rifle severed. 01486_ Aluminum Leg severed. 01487_ U-05 Engineer lays Concrete. 01499_ U-05 Engineer destroyed. Map ----- +----------------------------------------------------+ | # # #? #?????????? | | ############### # #?????????? | | ############### # ???????????? | | ?????????????? | | ##?????????????????? | | #??????????????????? | | ############### #??????????????????? | | ?????# # #########??????????? | | ?????# """ # + [ #??????????? | | ?????# """ + # #?########## | | ?????# """ # # #?# T # | | ?????# # #######r#?# """ # | | ?????# """ # #######a### """ # | | ?????# """ # # """ ! # | | ?????# """ # + """ # | | ?????# # # """ # | | ???????################## # # | | ????????????????????????# # # | | ####????????????????????# # # | | #????????????????????# ########## | | #?????????????###????# #????????? | | """#?????????????? #### #????????? | | """#???????????????? +=%* #????????? | | """#?????????????????# [^ #######??? | | #?????????????????# [ # | | ######???????????????# @ # | | #???????????????+ # | | #???????????????# g !! # | | T #???????????????####### g!! # | | #?????????????????????? ! # | | #?????????????????????? # | | # ##?????????????????????? # | | # #??????????????????????? """ # | | # #???????????????????????? """ # | | # #???????????????????????? ""?? # | | # #???????????????????????? ?????# | | # #????????????????????????? ?????? | | # #?????????????????????????/##????? | | # #????????????????????????????????? | | # < #????????????????????????????????? | | # #????????????????????????????????? | | #####????????????????????????????????? | | ?????????????????????????????????????? | | ?????????????????????????????????????? | | ?????????????????????????????????????? | | ?????????????????????????????????????? | | | | | | | | | +----------------------------------------------------+ Best States ------------- Heat Dissipation 25 Energy Generation 10 Energy Capacity 250 Matter Stores 300 Matter Capacity 300 Sight Range 16 Terrain Scan Range 14 Terrain Scan Density 10 Evasion (%) 50 Recoil Reduction 2 Item Schematics ----------------- None Robot Schematics ------------------ None Fabricated ------------ Nothing Alien Tech Used ----------------- None Achievements -------------- None Challenges ------------ None Game ------ Seed ElectrostormLargeThruster Manual? 0 Play Time 00:13:56 Cumulative 4.2 hours Start 2025.03.27 @ 19:16:59 End 2025.03.27 @ 19:28:16 Sessions 1 Manual Loads 0 Difficulty Rogue Special Mode None Game No. 13 Rogue 13 Adventurer 0 Explorer 0 Win Type - Total 0 Types 0/0/0/0/0/0/0/0/0 Lore% 0 Gallery% 7 Achievement% 9 Wizard Run 0 Options --------- Layout 0 ASCII 0 Keyboard 0 Movement Numpad Keybinds 0 Fullscreen 2 Font 24/Smallcaps Map View 76x50 Zoom Use 0% Tactical HUD 1 Map Filters NONE Filters NONE Steam 1 RUN: 20f9ae86-8d32-4619-aa0f-bccc0b48a552